 Dungeon Crawl Stone Soup version 0.23-a0-402-g64599a1 (webtiles) character file.

52 EvilAliv3 the Conjurer (level 3, -1/20 HPs)
             Began as a Gargoyle Conjurer on Nov 3, 2018.
             Slain by Sigmund
             ... wielding a +3 scythe of flaming
              (2 damage)
             ... on level 2 of the Dungeon on Nov 4, 2018.
             The game lasted 00:10:30 (1596 turns).

EvilAliv3 the Conjurer (Gargoyle Conjurer)          Turns: 1596, Time: 00:10:31

Health: -1/20      AC: 10    Str: 11    XL:     3   Next: 85%
Magic:  2/7        EV: 10    Int: 16    God:
Gold:   53         SH:  0    Dex: 10    Spells: 6/7 levels left

rFire    . . .     SeeInvis .   a - +0 spear
rCold    . . .     Gourm    .   (no shield)
rNeg     + . .     Faith    .   j - +0 ring mail
rPois    ∞         Spirit   .   f - +0 helmet
rElec    +         Reflect  .   (no cloak)
rCorr    .         Harm     .   (no gloves)
MR       .....                  p - +0 pair of boots
Stlth    +.........             (no amulet)
HPRegen  0.06/turn              (no ring)
MPRegen  0.10/turn              (no ring)

@: no status effects
A: negative energy resistance 1, electricity resistance, unbreathing,
petrification resistance, rot immunity, AC +3
a: no special abilities


You were on level 2 of the Dungeon.
You were not hungry.

You visited 1 branch of the dungeon, and saw 2 of its levels.

You collected 53 gold pieces.

Inventory:

Hand Weapons
 a - a +0 spear (weapon)
Armour
 f - a +0 helmet (worn)
 j - a +0 ring mail (worn)
 p - a +0 pair of boots (worn)
Scrolls
 b - 2 scrolls of amnesia {unknown}
 d - 2 scrolls of magic mapping {unknown}
 g - 3 scrolls of blinking {unknown}
 i - a scroll of noise {unknown}
 m - 2 scrolls of identify {unknown}
 n - a scroll of remove curse {unknown}
Potions
 e - a potion of flight {unknown}
 h - a potion of haste {unknown}
 k - a potion of brilliance {unknown}
 o - a potion of invisibility {unknown}
Comestibles
 c - 5 rations
 l - 2 chunks of flesh


   Skills:
 + Level 1.3 Fighting
 + Level 2.0 Dodging
 - Level 2.1 Stealth
 * Level 2.8 Spellcasting
 + Level 4.7 Conjurations


You had 6 spell levels left.
You knew the following spells:

 Your Spells              Type           Power        Failure   Level  Hunger
a - Magic Dart            Conj           ###.         7%          1    #......

Your spell library contained the following spells:

 Spells                   Type           Power        Failure   Level  Hunger
 Searing Ray              Conj           ###...       10%         2    ##.....
 Dazzling Spray           Conj/Hex       #.....       47%         3    ###....
 Iskenderun's Mystic Bla  Conj           ###.....     54%         4    #####..
 Force Lance              Conj/Tloc      #.......     87%         4    #####..
 Fulminant Prism          Conj/Hex       #.........   87%         4    #####..


Dungeon Overview and Level Annotations

Branches:
Dungeon (2/15)

Altars:
Fedhas

Annotations:
D:2 Natasha, Sigmund


Innate Abilities, Weirdness & Mutations

You are resistant to torment.
Your stone body is resilient. (AC +3)
You are immune to poison.
You resist negative energy. (rN+)
You are resistant to electric shocks. (rElec)
You can survive without breathing.
You are immune to petrification.
You are immune to rotting.


Message History

Aiming: Magic Dart (safe; 7% risk of failure)
Press: ? - help, Shift-Dir - straight line, f/p - Sigmund
Aim: Sigmund, wielding a +3 scythe of flaming and wearing a +0 robe (lightly The magic dart hits Sigmund.
Sigmund is lightly wounded.
Sigmund hits you from afar with a +3 scythe of flaming.
* * * LOW HITPOINT WARNING * * *
Sigmund burns you.
* * * LOW HITPOINT WARNING * * *
Casting: Magic Dart (safe; 7% risk of failure)
Confirm with . or Enter, or press ? or * to list all spells.
Aiming: Magic Dart (safe; 7% risk of failure)
Press: ? - help, Shift-Dir - straight line, f/p - Sigmund
Aim: Sigmund, wielding a +3 scythe of flaming and wearing a +0 robe (lightly The magic dart hits Sigmund.
Sigmund is moderately wounded.
Sigmund hits you from afar with a +3 scythe of flaming.
* * * LOW HITPOINT WARNING * * *
Sigmund burns you.
You die...

#....### #.# # #.###.# #.# #
# #.# #.# #### ##'## #.# #...
##...## #@###### #.##
##....<## #......# #.##
#......@## ##.###.# #.##
#.........####...##.####.##
.'.........@................
###.........####...#.####...@
##...$...## ##.##.# #..##
##.....## ####.# #....
##$..## #. #.### ##'# #.
#.### #. #. #.... #. ##### #


You could see Sigmund.

Vanquished Creatures
  3 leopard geckos
  4 giant cockroaches
  4 goblins
  6 hobgoblins
  11 jackals
  3 kobolds
  A quokka (D:2)
  6 bats
  2 frilled lizards (D:1)
40 creatures vanquished.

Notes
Turn   | Place    | Note
-------+----------+-------------------------------------------
     0 | D:1      | EvilAliv3 the Gargoyle Conjurer began the quest for the
                  | Orb.
     0 | D:1      | Reached XP level 1. HP: 10/10 MP: 3/3
   155 | D:1      | Reached XP level 2. HP: 16/16 MP: 0/5
   439 | D:1      | Reached skill level 1 in Fighting
   440 | D:1      | Reached XP level 3. HP: 20/20 MP: 0/6
   916 | D:2      | Noticed Sigmund
   970 | D:2      | Noticed Natasha
  1037 | D:2      | Found a blossoming altar of Fedhas.
  1596 | D:2      | HP: 1/20 [Sigmund/+3 scythe of flaming (3)]
  1596 | D:2      | Slain by Sigmund

Vault maps used:
D:1:      dpeg_arrival_water_altar, grunt_decor_fettered,
          chequers_serial_rivers_micro_a
D:2:      kennysheep_big_flooded_room, fedhas_altar_3, lemuel_doored_altar,
          first_ration, uniq_natasha, uniq_sigmund

Skill      XL: |  1  2  3 |
---------------+----------+-----
Fighting       | 1 |  1.3
Dodging        | 2 |  2.0
Stealth        | |  2.1
Spellcasting   | |  2.8
Conjurations   | |  4.7

Action                   || total
-------------------------++-------
Melee: Unarmed           ||     8
       Short sword       ||    15
       Spear             ||    72
 Cast: Magic Dart        ||    66
  Eat: Chunk             ||     3
Armor: Robe              ||     7
       Leather armour    ||    15
       Ring mail         ||    62
Dodge: Dodged            ||    95

Table legend:
 A = Non-vault XP
 B = Vault XP
 C = Vault XP percentage of total XP
 D = Non-vault monster count
 E = Vault monster count
 F = Vault count percentage of total count
                 A         B        C        D         E       F
            +---------+---------+-------+---------+---------+-------
      Total |      75 |       0 |   0.0 |      40 |       0 |   0.0
            +---------+---------+-------+---------+---------+-------
        D:1 |      40 |       0 |   0.0 |      22 |       0 |   0.0
        D:2 |      35 |       0 |   0.0 |      18 |       0 |   0.0
            +---------+---------+-------+---------+---------+-------
